 Dungeon Crawl Stone Soup version 0.31-a0-638-g26219f789d (webtiles) character file.

Game seed: 4954453040892153841

42 Conn the Firebug (level 3, -1/16 (21) HPs)
             Began as an Octopode Fire Elementalist on Aug 27, 2023.
             Slain by a kobold
             ... wielding a +2 short sword of draining
              (4 damage)
             ... on level 1 of the Dungeon.
             The game lasted 00:01:40 (1135 turns).

Conn the Firebug (Octopode Fire Elementalist)       Turns: 1135, Time: 00:01:41

HP:   -1/16 (21)    AC:  1    Str:  7    XL:     3   Next: 54%
MP:   6/6           EV: 13    Int: 19    God:
Gold: 53            SH:  0    Dex: 12    Spells: 5/6 levels left

rFire   . . .        e - staff of poison
rCold   . . .        (no shield)
rNeg    . . .        (helmet restricted)
rPois   +            (no amulet)
rElec   .            (no ring)
rCorr   .            (no ring)
SInv    .            (no ring)
Will    .....        (no ring)
Stlth   +++          (no ring)
HPRegen 0.22/turn    (no ring)
MPRegen 0.10/turn    (no ring)
                     (no ring)

%: no passive effects
@: heavily drained
A: almost no armour, amphibious, 8 rings, camouflage 1, gelatinous body 1,
(nimble swimmer 1), tentacles
a: no special abilities


You were on level 1 of the Dungeon.
You visited 1 branch of the dungeon, and saw 1 of its levels.

You collected 53 gold pieces.

Inventory:

Magical Staves
 e - a staff of poison (weapon)
Scrolls
 b - a scroll of butterflies {unknown}
 c - a scroll of teleportation {unknown}
 d - 2 scrolls of identify {unknown}
 f - a scroll of fear {unknown}
 g - a scroll of poison {unknown}
Potions
 a - a potion of magic
 h - a potion of heal wounds {unknown}


   Skills:
 + Level 0.2 Fighting
 + Level 2.8 Dodging
 + Level 2.7 Stealth
 + Level 2.3 Spellcasting
 + Level 1.1 Conjurations
 + Level 3.6 Fire Magic


You had 5 spell levels left.
You knew the following spells:

 Your Spells              Type           Power      Damage    Failure   Level
a - Foxfire               Conj/Fire      44%        2x1d6     6%          1

Your spell library contained the following spells:

 Spells                   Type           Power      Damage    Failure   Level
 Scorch                   Fire           30%        2d6       5%          2
 Inner Flame              Hex/Fire       9%         N/A       24%         3
 Volatile Blastmotes      Fire/Tloc      18%        2d11      24%         3
 Flame Wave               Conj/Fire      11%        2d6       52%         4
 Sticky Flame             Conj/Fire      11%        2d3       52%         4


Dungeon Overview and Level Annotations

Branches:
Dungeon (1/15)

Altars:


Innate Abilities, Weirdness & Mutations

You cannot wear most types of armour.
You are amphibious.
You can wear up to eight rings at the same time.
Your skin changes colour to match your surroundings (Stealth+).
Your rubbery body absorbs attacks. (AC +1, EV +1)
((You are camouflaged when in or above water. (Stealth+)))
You have tentacles for arms and can constrict up to eight enemies at once.


Message History

The kobold throws a stone.
The stone barely misses you.
You hit the kobold but do no damage. Your grab misses the kobold.
The kobold hits you with a +0 short sword.
You hit the kobold. Your grab misses the kobold. You squeeze the kobold.
You kill the kobold!
Things that are here:
a +0 short sword; 5 stones; a kobold corpse
Things that are here:
a +0 short sword; 5 stones; a kobold corpse You see here a +0 club.
You see here a +0 club.
There is an open door here.
You enter the shallow water.
There is a staircase leading out of the dungeon here.
There is a staircase leading out of the dungeon here.
There is an open door here.
There is a stone staircase leading down here.
A kobold comes into view.
It is wielding a +2 short sword of draining.
The helpless kobold fails to defend itself.
You hit the kobold. Your grab misses the kobold.
You squeeze the kobold, but do no damage.
The kobold is moderately wounded.
The kobold hits you but does no damage.
You feel drained.
You barely miss the kobold. Your grab misses the kobold.
The kobold is moderately wounded.
The kobold hits you with a +2 short sword of draining.
You feel drained. The kobold barely misses you.
You miss the kobold. Your grab misses the kobold.
The kobold hits you with a +2 short sword of draining!
You feel drained.
You closely miss the kobold. Your grab misses the kobold.
Your squeeze misses the kobold.
The kobold hits you with a +2 short sword of draining.
* * * LOW HITPOINT WARNING * * *
You feel drained.
* * * LOW HITPOINT WARNING * * *
You hit the kobold. Your grab misses the kobold.
The kobold is moderately wounded.
The kobold hits you with a +2 short sword of draining.
You die...

....#♣...♣#..#
#.#
.#.##P♣.♣P####
#.#
##.###P.P##
####.#
#.##P#<#P#
..##.##
#.###.♣.##
#.##..# #.#
#♣#♣# #.###.#
##.# #.# #.#
...# #K# #.#
#..# #@# #%#
#..# #.# #.#
#..# #.# #.#
#..# #.# #.#
...###### #.#
#.# ....>...#
#.# #.#
#.#####.# #.#
#[# #.# #.#
#.# #.# #.#
#.# #.# #.#


You could see a kobold.

Vanquished Creatures
  A dart slug (D:1)
  4 endoplasms (D:1)
  2 giant cockroaches (D:1)
  3 goblins (D:1)
  3 hobgoblins (D:1)
  7 jackals (D:1)
  2 ball pythons (D:1)
  3 bats (D:1)
  2 frilled lizards (D:1)
  2 kobolds (D:1)
  6 rats (D:1)
35 creatures vanquished.

Vanquished Creatures (others)
  70 foxfires (D:1)
70 creatures vanquished.

Grand Total: 105 creatures vanquished

Notes
Turn   | Place    | Note
-------+----------+-------------------------------------------
     0 | D:1      | Conn the Octopode Fire Elementalist began the quest for the
                  | Orb.
     0 | D:1      | Reached XP level 1. HP: 11/11 MP: 3/3
   134 | D:1      | Reached XP level 2. HP: 15/17 MP: 5/5
   484 | D:1      | Reached XP level 3. HP: 8/21 MP: 6/6
  1135 | D:1      | Slain by a kobold

Illustrated notes

Levels and vault maps discovered:
D:1:      tarquinn_simple_flora_water_d, layout_loops_ring, minmay_misc_feat_x,
          chequers_serial_rivers_room_a

Action                     || total
---------------------------++-------
  Melee: Unarmed           ||    14
         Constrict         ||     7
         Tentacles         ||    11
         Punch             ||     1
         Staff             ||    31
   Cast: Foxfire           ||    41
   Stab: Sleeping          ||     1
 Armour: Skin              ||     3
  Dodge: Dodged            ||    44

Table legend: (Time is in decaauts)
 A = Elapsed time spent in this place.
 B = Non-inter-level travel time spent in this place.
 C = Inter-level travel time spent in this place.
 D = Time resting spent in this place.
 E = Time spent auto-exploring this place.
 F = Levels seen in this place.
 G = Mean time per level.
                   A        B        C        D        E       F      G
               +--------+--------+--------+--------+--------+-----+--------+
         Total |   1140 |   1140 |      0 |      0 |    836 |   1 | 1140.0 |
       Dungeon |   1140 |   1140 |      0 |      0 |    836 |   1 | 1140.0 |
               +--------+--------+--------+--------+--------+-----+--------+

Top non-repeatable levels by time:
     D:1: 1140 daAuts
